[Event "Titled Tuesday Blitz April 11 Late 2023"]
[White "Deac, Bogdan-Daniel"]
[Black "Danielyan, Vahe"]
[WhiteFideId "1226380"]
[BlackFideId "13304828"]
[WhiteElo "2649"]
[BlackElo "2423"]
[Result "1-0"]
[Round "02"]
[TimeControl "180+2"]
[Date "2023.04.11"]
[WhiteClock "0:00:11"]
[BlackClock "0:00:02"]

1. b3 b6 2. Bb2 Bb7 3. Nf3 Nf6 4. c4 e6 5. g3 Be7 6. Bg2 O-O 7. O-O c5 8. e3 d6 9. Nc3 Nbd7 10. Qe2 a6 11. Ne1 Bxg2 12. Nxg2 Qc7 13. g4 d5 14. d3 d4 15. exd4 cxd4 16. Nd1 e5 17. g5 Ne8 18. f4 Bd6 19. f5 Nc5 20. Nf2 g6 21. f6 h5 22. Nh4 e4 23. Nxe4 Nxe4 24. dxe4 Be5 25. Rad1 d3 26. Rxd3 Bxb2 27. Qxb2 Nd6 28. Qe5 Rad8 29. Rfd1 Rfe8 30. Qg3 Qc5+ 31. Kg2 Nb7 32. Rxd8 Nxd8 33. Rd5 Qa3 34. Qf2 Ne6 35. Qd2 b5 36. cxb5 axb5 37. Nf3 Ra8 38. Nd4 Qxa2 39. Nxe6 Qxd2+ 40. Rxd2 fxe6 41. Rd7 Ra2+ 42. Kg3 Ra3 43. Rg7+ Kf8 44. Rxg6 Rxb3+ 45. Kf4 Rh3 46. Rg7 Rxh2 47. Ke5 b4 48. Kxe6 Rc2 49. Rb7 Rc6+ 50. Kf5 1-0


[Site "https://www.chess.com"]

[Event "Titled Tuesday Blitz April 11 Late 2023"]
[White "Atanasov, Anthony"]
[Black "Zhigalko, Sergei"]
[WhiteFideId "2623897"]
[BlackFideId "13502956"]
[WhiteElo "2326"]
[BlackElo "2626"]
[Result "0-1"]
[Round "02"]
[TimeControl "180+2"]
[Date "2023.04.11"]
[WhiteClock "0:00:05"]
[BlackClock "0:00:07"]

1. d4 Nf6 2. Nf3 e6 3. Bf4 b6 4. e3 Bb7 5. Nbd2 Nh5 6. Bg5 Be7 7. h4 h6 8. Bxe7 Qxe7 9. c3 d6 10. Bd3 Nf6 11. Qe2 e5 12. dxe5 dxe5 13. Bb5+ Nbd7 14. Ba6 Bxa6 15. Qxa6 O-O 16. O-O-O Nc5 17. Qc4 e4 18. Ne1 Rfd8 19. Nb3 Rxd1+ 20. Kxd1 Rd8+ 21. Kc1 Qd7 22. Qd4 Qe8 23. Qc4 Qd7 24. Qd4 Qc8 25. Qc4 Qg4 26. f3 exf3 27. Qxg4 Nxg4 28. Nxc5 fxg2 29. Nxg2 bxc5 30. Rf1 Ne5 31. Kc2 g6 32. Rf6 Rd6 33. Rf4 Kg7 34. Ra4 a6 35. Re4 Nf3 36. Kc1 g5 37. hxg5 hxg5 38. b4 Rh6 39. Rg4 cxb4 40. cxb4 f5 41. Rc4 Rh1+ 42. Kb2 Rh2 43. Rxc7+ Kf6 44. Rc2 g4 45. a4 Ne5 46. b5 axb5 47. axb5 Nd7 48. Kb3 g3 49. Kb4 Ke5 50. Rd2 Ke4 51. Ka5 Ne5 52. Ka6 Kf3 53. Ne1+ Kxe3 54. Rd5 Ke4 55. Rc5 Ra2+ 56. Kb7 Re2 57. Nc2 g2 58. Nb4 g1=Q 59. Rc7 Qg2 60. Na6 Kf4+ 61. Kb6 Rd2 62. Nc5 Rd5 63. Ne6+ Kf3 64. Rc3+ Ke2 65. Nf4+ Kf1 66. Rc1+ Kf2 67. Rc2+ Kf3 68. Nxg2 Nd3 69. Kc6 Nb4+ 70. Kb7 Nxc2 71. Ne1+ Nxe1 72. b6 Rd2 73. Ka7 Rb2 74. Kb7 Ke4 75. Ka8 0-1


[Site "https://www.chess.com"]

[Event "Titled Tuesday Blitz April 11 Late 2023"]
[White "Terry, Renato"]
[Black "Mendez Fortes, Eduardo Jesus"]
[WhiteFideId "3803457"]
[BlackFideId "3502376"]
[WhiteElo "2575"]
[BlackElo "2307"]
[Result "0-1"]
[Round "02"]
[TimeControl "180+2"]
[Date "2023.04.11"]
[WhiteClock "0:00:30"]
[BlackClock "0:00:25"]

1. e4 c5 2. Nf3 d6 3. Bb5+ Nd7 4. d4 cxd4 5. Qxd4 a6 6. Bxd7+ Bxd7 7. Bg5 h6 8. Bh4 Nf6 9. Nc3 Rc8 10. O-O-O g5 11. Bg3 e5 12. Nxe5 dxe5 13. Bxe5 Be7 14. Nd5 Nxd5 15. exd5 f6 16. d6 fxe5 17. Qxe5 Rh7 18. Rhe1 Kf8 19. dxe7+ Qxe7 20. Qd4 Qf7 21. Qb4+ Kg8 22. Qxb7 Rxc2+ 23. Kb1 Bf5 24. Rd8+ Kg7 25. Qxf7+ Kxf7 26. Ka1 Rxf2 27. Rd6 Rh8 28. Rxa6 Re8 29. Rc1 Rc8 30. Rd1 Rcc2 31. Rb6 Rxg2 32. a4 Rc4 33. Ra6 Rgg4 34. b3 Rc2 35. Ra5 Kg6 36. Rf1 Bd3 37. Rd1 Rgg2 0-1


[Site "https://www.chess.com"]

[Event "Titled Tuesday Blitz April 11 Late 2023"]
[White "Ismagilov, Damir"]
[Black "Eljanov, Pavel"]
[WhiteFideId "34199982"]
[BlackFideId "14102951"]
[WhiteElo "2078"]
[BlackElo "2598"]
[Result "0-1"]
[Round "02"]
[TimeControl "180+2"]
[Date "2023.04.11"]
[WhiteClock "0:00:17"]
[BlackClock "0:00:06"]

1. d4 Nf6 2. Bf4 c5 3. e3 Nd5 4. Bg3 Qb6 5. Nc3 Nxc3 6. bxc3 d6 7. Nf3 Qa5 8. Qd2 g6 9. Bc4 Bg7 10. O-O O-O 11. a4 Nd7 12. Rfb1 Nb6 13. Be2 Bd7 14. Bb5 Rfd8 15. Bxd7 Rxd7 16. Rb5 Qa6 17. dxc5 Nc8 18. h3 Qc6 19. Rab1 dxc5 20. Rxc5 Qxa4 21. Rd5 Nd6 22. Ne5 Bxe5 23. Bxe5 Nc4 24. Qd4 Rxd5 25. Qxd5 Nxe5 26. Qxe5 Qd7 27. Rb4 b6 28. Rd4 Qb7 29. Re4 a5 30. Rh4 a4 31. Qf4 f6 32. Qh6 e5 33. e4 a3 34. Qc1 a2 35. Qa1 Qc6 36. Rg4 Qb5 37. Kh2 Qb1 38. Rxg6+ hxg6 39. Qxb1 axb1=Q 40. h4 Qxc2 41. h5 Qxe4 42. h6 Qh4+ 43. Kg1 Ra1# 0-1


[Site "https://www.chess.com"]

[Event "Titled Tuesday Blitz April 11 Late 2023"]
[White "Grigoriants, Sergey"]
[Black "Ribeiro, Matheus Mendes Domingues"]
[WhiteFideId "4130804"]
[BlackFideId "324226923"]
[WhiteElo "2502"]
[BlackElo "2168"]
[Result "1-0"]
[Round "02"]
[TimeControl "180+2"]
[Date "2023.04.11"]
[WhiteClock "0:00:04"]
[BlackClock "0:00:03"]

1. d4 d5 2. c4 e6 3. Nc3 Nf6 4. Nf3 Be7 5. Bf4 O-O 6. e3 b6 7. cxd5 Nxd5 8. Bg3 Bb7 9. Bd3 h6 10. O-O Nxc3 11. bxc3 Nd7 12. a4 a5 13. e4 f5 14. exf5 exf5 15. Ne5 Nxe5 16. Bxe5 Bd6 17. f4 Bxe5 18. fxe5 Qg5 19. Qc2 Qe3+ 20. Kh1 f4 21. Rae1 Qh3 22. Be4 Bxe4 23. Rxe4 Qf5 24. Qb3+ Kh8 25. Rexf4 Qxf4 26. Rxf4 Rxf4 27. h3 Rff8 28. Qc4 Rac8 29. Qc6 Rfd8 30. d5 Rf8 31. c4 Rfd8 32. e6 Rf8 33. Kh2 Rfe8 34. Kg3 Rf8 35. h4 Kh7 36. h5 Kh8 37. c5 bxc5 38. Qxc5 Rf5 39. Qc6 Rg5+ 40. Kh2 Rxh5+ 41. Kg1 Re5 42. d6 Re1+ 43. Kh2 Rxe6 44. d7 Rxc6 45. dxc8=Q+ Kh7 46. Qf5+ Rg6 47. Qxa5 h5 48. Qc3 Kh6 49. Kg1 c6 50. a5 Rg3 51. Qxg3 1-0


[Site "https://www.chess.com"]

[Event "Titled Tuesday Blitz April 11 Late 2023"]
[White "Licznerski, Lukasz"]
[Black "Ozates, Tuna"]
[WhiteFideId "1179250"]
[BlackFideId "6354521"]
[WhiteElo "2450"]
[BlackElo "2151"]
[Result "1-0"]
[Round "02"]
[TimeControl "180+2"]
[Date "2023.04.11"]
[WhiteClock "0:00:04"]
[BlackClock "0:00:02"]

1. e4 c5 2. Nf3 Nc6 3. d4 cxd4 4. Nxd4 e5 5. Nb5 d6 6. N1c3 a6 7. Na3 b5 8. Nd5 Nge7 9. c4 Nd4 10. cxb5 Nxd5 11. exd5 Bd7 12. Be3 Nxb5 13. Nc4 Be7 14. Be2 O-O 15. O-O Rb8 16. a4 Nc7 17. Nb6 f5 18. f3 Be8 19. Rc1 Rf7 20. a5 Bd7 21. Qd2 Bb5 22. Bxb5 Nxb5 23. Rc6 Bf8 24. Rfc1 h6 25. Bf2 Qf6 26. Nc4 e4 27. f4 g5 28. Be3 gxf4 29. Bxf4 Nd4 30. Nxd6 Rxb2 31. Nxe4 Qg7 32. Nf6+ Rxf6 33. Qxb2 Rxc6 34. dxc6 Nf3+ 35. Kh1 Qxb2 36. c7 Nd4 37. c8=Q Ne2 38. Qc4+ Kh8 39. Re1 Nxf4 40. Qxf4 Bg7 41. Qxf5 Qc3 42. Qc8+ Kh7 43. Re8 1-0


[Site "https://www.chess.com"]

[Event "Titled Tuesday Blitz April 11 Late 2023"]
[White "Plotnikov, Pavel"]
[Black "Corrales Jimenez, Fidel"]
[WhiteFideId "4170342"]
[BlackFideId "3506690"]
[WhiteElo "2298"]
[BlackElo "2541"]
[Result "0-1"]
[Round "02"]
[TimeControl "180+2"]
[Date "2023.04.11"]
[WhiteClock "0:00:02"]
[BlackClock "0:01:01"]

1. e4 c6 2. d4 d5 3. exd5 cxd5 4. Bd3 Nc6 5. c3 Nf6 6. Bf4 g6 7. Nf3 Bg7 8. h3 O-O 9. O-O b6 10. Nbd2 Bb7 11. Re1 e6 12. Qe2 Ne7 13. Ne5 Nf5 14. g4 Nd6 15. h4 Nfe4 16. Nef3 Nxd2 17. Bxd2 Ne4 18. Bf4 f5 19. g5 h6 20. Qe3 hxg5 21. hxg5 Kf7 22. Kg2 Rh8 23. Rh1 Qe7 24. Ne5+ Bxe5 25. Bxe5 Rh5 26. Rxh5 gxh5 27. Rh1 Qxg5+ 28. Qxg5 Nxg5 29. Rxh5 Kg6 30. Rh1 Rg8 31. f3 Nf7 32. Bf4 Rh8 33. Rg1 Kf6 34. a4 Rg8+ 35. Kf2 Rxg1 36. Kxg1 Bc6 37. b3 e5 38. Be3 e4 39. Be2 Ng5 40. Kf2 Ne6 41. Kg3 Be8 42. fxe4 dxe4 43. d5 Nc5 44. Bd4+ Kg5 45. Be3+ Kf6 46. Bd4+ Ke7 47. Bd1 Kd6 48. c4 Nd3 49. Bc2 f4+ 50. Kg4 Bd7+ 51. Kh4 Nc5 52. Bg7 e3 53. Bd1 Ne4 54. Bf8+ Kc7 0-1


[Site "https://www.chess.com"]

[Event "Titled Tuesday Blitz April 11 Late 2023"]
[White "Di Berardino, Diego Rafael"]
[Black "Talibov, Shiroghlan"]
[WhiteFideId "2105446"]
[BlackFideId "13429078"]
[WhiteElo "2432"]
[BlackElo "2224"]
[Result "0-1"]
[Round "02"]
[TimeControl "180+2"]
[Date "2023.04.11"]
[WhiteClock "0:00:02"]
[BlackClock "0:00:24"]

1. d4 d5 2. Nf3 Nf6 3. c4 e6 4. Nc3 c6 5. cxd5 exd5 6. Bg5 Bd6 7. e3 O-O 8. Qc2 h6 9. Bh4 a5 10. Bd3 Na6 11. a3 Re8 12. O-O Bg4 13. Nd2 Nc7 14. f3 Bd7 15. Rae1 c5 16. Kh1 b6 17. dxc5 bxc5 18. e4 d4 19. Nd5 Ncxd5 20. exd5 g5 21. Rxe8+ Qxe8 22. Re1 Qb8 23. Bf2 Qc7 24. Nc4 Bxh2 25. Bf5 Bb5 26. Be6 Kg7 27. d6 Bxd6 28. Bf5 Bg3 29. Bxg3 Qxg3 30. Re7 Re8 31. Rxe8 Nxe8 32. Nd2 Qe1+ 33. Kh2 Qe5+ 34. Kg1 Nf6 35. Bd3 Qe3+ 36. Kh2 Bxd3 0-1


[Site "https://www.chess.com"]

[Event "Titled Tuesday Blitz April 11 Late 2023"]
[White "Makarian, Rudik"]
[Black "Martinez Reyes, Pedro Ramon"]
[WhiteFideId "44105681"]
[BlackFideId "3901807"]
[WhiteElo "2430"]
[BlackElo "2340"]
[Result "1-0"]
[Round "02"]
[TimeControl "180+2"]
[Date "2023.04.11"]
[WhiteClock "0:00:08"]
[BlackClock "0:00:01"]

1. d4 c5 2. d5 e5 3. c4 d6 4. Nc3 Nf6 5. e4 Nbd7 6. Be2 Be7 7. h4 a6 8. a4 Nf8 9. g4 Ng6 10. g5 Nd7 11. Nh3 Nxh4 12. Qd3 Nf8 13. Qg3 Nhg6 14. Bg4 Qa5 15. Ra3 Qb4 16. Be2 Bd7 17. a5 b5 18. axb6 Qxb6 19. Kf1 a5 20. Bg4 Qb4 21. Bxd7+ Nxd7 22. Qd3 O-O 23. Kg2 Qb7 24. Nb5 Qc8 25. Qe2 f5 26. Ng1 Rf7 27. Rah3 Ndf8 28. Nf3 f4 29. Kf1 Qg4 30. Nc7 Rb8 31. Ne6 a4 32. Nh4 f3 33. Rxf3 Rxf3 34. Qxf3 Qxf3 35. Nxf3 Rb4 36. Nxf8 Bxf8 37. Nd2 Nf4 38. Rg1 Nd3 39. Ke2 Nxb2 40. Bxb2 Rxb2 41. Ra1 Rb4 42. Kd3 Be7 43. Nf3 Rb3+ 44. Ke2 Rb2+ 45. Ke3 Rb3+ 46. Ke2 Rb4 47. Kd3 Kf7 48. Rh1 Kg8 49. g6 hxg6 50. Ra1 Rb3+ 51. Ke2 Rb4 52. Nd2 Bg5 53. Nf3 Bf4 54. Kd3 g5 55. Ne1 g4 56. Nc2 Rb3+ 57. Ke2 Rb2 58. Kd1 Rb3 59. Rxa4 Rd3+ 60. Ke1 Rd2 61. Na3 Ra2 62. Ra7 Kh7 63. Nb5 Rc2 64. Nxd6 Kg6 65. Nf5 Bh6 66. d6 Rxc4 67. d7 Rc1+ 68. Ke2 Rc2+ 69. Kd3 Rd2+ 70. Kc4 g3 71. fxg3 Bg5 72. Kxc5 Bf6 73. Kc6 Rc2+ 74. Kd6 Rd2+ 75. Ke6 Rd3 76. Ne7+ Kg5 77. Nd5 Bd8 78. Ra8 1-0


[Site "https://www.chess.com"]

[Event "Titled Tuesday Blitz April 11 Late 2023"]
[White "Suder, Jakub"]
[Black "Kamsky, Gata"]
[WhiteFideId "1195310"]
[BlackFideId "2000024"]
[WhiteElo "2287"]
[BlackElo "2660"]
[Result "0-1"]
[Round "02"]
[TimeControl "180+2"]
[Date "2023.04.11"]
[WhiteClock "0:00:01"]
[BlackClock "0:00:12"]

1. d4 Nf6 2. c4 e6 3. Nc3 Bb4 4. Qb3 a5 5. Nf3 b6 6. g3 Bb7 7. Bg2 O-O 8. O-O d5 9. cxd5 exd5 10. Bg5 Bxc3 11. Qxc3 Na6 12. Ne5 Qd6 13. Bxf6 gxf6 14. Nd3 Rfe8 15. Nf4 Kh8 16. a3 c6 17. Qf3 f5 18. e3 Nc7 19. Bh3 Bc8 20. Qh5 Qf6 21. Rac1 Bd7 22. Nd3 Kg7 23. Ne5 Rxe5 24. dxe5 Qxe5 25. Rc2 Ne8 26. Qg5+ Kh8 27. Rd1 Nf6 28. Rd4 Ne4 29. Qh5 Rf8 30. Qh6 Qd6 31. Qxd6 Nxd6 32. Rf4 Re8 33. Kf1 Kg7 34. Ke1 c5 35. Kf1 Be6 36. g4 fxg4 37. Bxg4 f5 38. Bf3 Ne4 39. Rh4 Rd8 40. Bg2 Kg6 41. f3 Nf6 42. Rh3 d4 43. Rg3+ Kf7 44. exd4 Rxd4 45. Ke1 Nd5 46. Bf1 Ne3 47. Re2 f4 48. Rg1 Rd1+ 49. Kf2 Rxf1+ 50. Rxf1 Nxf1 51. Re4 Ne3 52. Rxf4+ Nf5 53. Re4 Kf6 54. Re1 Nd6 55. Rd1 Nc4 56. b4 Nxa3 57. bxa5 bxa5 58. Rc1 Nc4 59. Rc3 a4 0-1


[Site "https://www.chess.com"]

[Event "Titled Tuesday Blitz April 11 Late 2023"]
[White "Kevlishvili, Robby"]
[Black "Wadsworth, Matthew J"]
[WhiteFideId "1040634"]
[BlackFideId "415804"]
[WhiteElo "2572"]
[BlackElo "2330"]
[Result "1-0"]
[Round "02"]
[TimeControl "180+2"]
[Date "2023.04.11"]
[WhiteClock "0:01:27"]
[BlackClock "0:00:29"]

1. e4 e6 2. d4 d5 3. Nd2 Be7 4. Ngf3 Nf6 5. e5 Nfd7 6. Bd3 c5 7. c3 b6 8. O-O Ba6 9. Ne1 Bxd3 10. Nxd3 Nc6 11. Qg4 g6 12. Nf3 h5 13. Qg3 Qc7 14. Be3 c4 15. Nf4 O-O-O 16. b3 Na5 17. Nd2 g5 18. Ne2 Rdg8 19. h3 g4 20. h4 Nf8 21. Nf4 Ng6 22. Nxg6 Rxg6 23. bxc4 Nxc4 24. Nxc4 Qxc4 25. a4 a6 26. Rfb1 Kb7 27. Rb2 Bd8 28. Bg5 Bxg5 29. hxg5 Rc8 30. Rab1 Rc6 31. Qf4 Rg7 32. Qf6 Rh7 33. Qe7+ Rc7 34. Rxb6+ Ka7 35. Rb7+ 1-0


[Site "https://www.chess.com"]

[Event "Titled Tuesday Blitz April 11 Late 2023"]
[White "Haydon, David L"]
[Black "Zakhartsov, Vladimir"]
[WhiteFideId "415405"]
[BlackFideId "4145097"]
[WhiteElo "2326"]
[BlackElo "2497"]
[Result "0-1"]
[Round "02"]
[TimeControl "180+2"]
[Date "2023.04.11"]
[WhiteClock "0:01:12"]
[BlackClock "0:01:12"]

1. d4 Nf6 2. Nc3 d5 3. Bf4 a6 4. e3 b5 5. Nf3 e6 6. Bd3 c5 7. dxc5 Bxc5 8. Ne5 Bb7 9. O-O O-O 10. a4 b4 11. Ne2 Nbd7 12. Nxd7 Nxd7 13. c4 bxc3 14. bxc3 Rc8 15. a5 Be7 16. Rb1 Nc5 17. Rb6 Rc6 18. Rxc6 Bxc6 19. Nd4 Ba4 20. Bc2 Qxa5 21. Bxa4 Qxa4 22. Qxa4 Nxa4 23. Ra1 Nxc3 24. Rxa6 Bf6 25. Bd6 Rc8 26. Nc6 h5 27. h3 Kh7 28. Ne5 Ne4 29. f3 Nxd6 30. Nd7 Nf5 31. Nxf6+ gxf6 0-1


[Site "https://www.chess.com"]

[Event "Titled Tuesday Blitz April 11 Late 2023"]
[White "Filgueira, Hernan"]
[Black "Durarbayli, Vasif"]
[WhiteFideId "101770"]
[BlackFideId "13402935"]
[WhiteElo "2363"]
[BlackElo "2551"]
[Result "1/2-1/2"]
[Round "02"]
[TimeControl "180+2"]
[Date "2023.04.11"]
[WhiteClock "0:01:51"]
[BlackClock "0:01:55"]

1. c4 c5 2. g3 Nf6 3. Bg2 e6 4. Nf3 d5 5. cxd5 exd5 6. d4 Nc6 7. Nc3 c4 8. O-O Bb4 9. Ne5 O-O 10. Bg5 Bxc3 11. bxc3 Be6 12. Nxc6 bxc6 13. Qa4 Qd7 14. Bxf6 gxf6 15. e4 Rfd8 16. Rfe1 Rab8 17. Rab1 Rb6 18. Rxb6 axb6 19. Qb4 b5 20. a4 bxa4 21. Qxa4 1/2-1/2


[Site "https://www.chess.com"]

[Event "Titled Tuesday Blitz April 11 Late 2023"]
[White "Melkumyan, Hrant"]
[Black "Cori T., Deysi"]
[WhiteFideId "13302485"]
[BlackFideId "3801934"]
[WhiteElo "2604"]
[BlackElo "2292"]
[Result "1-0"]
[Round "02"]
[TimeControl "180+2"]
[Date "2023.04.11"]
[WhiteClock "0:01:07"]
[BlackClock "0:00:01"]

1. d4 Nf6 2. c4 e6 3. Nf3 Bb4+ 4. Bd2 Qe7 5. g3 Nc6 6. b3 O-O 7. Bg2 Bxd2+ 8. Qxd2 d6 9. Nc3 e5 10. O-O a5 11. e3 Bg4 12. Ne1 Rfe8 13. Nc2 Qd7 14. Rfe1 Bh3 15. Bh1 exd4 16. exd4 Qf5 17. Ne3 Qh5 18. Qd1 Qh6 19. Nb5 Rac8 20. Nd5 Rxe1+ 21. Qxe1 Nxd5 22. Bxd5 Bd7 23. Qe3 Qxe3 24. fxe3 Nb4 25. Bxb7 Rb8 26. Bf3 Bxb5 27. cxb5 Rxb5 28. Rc1 c5 29. a4 Rb8 30. dxc5 Nd3 31. Rd1 Nxc5 32. Rxd6 Nxb3 33. Rc6 Nd2 34. Bd5 h5 35. Rc7 Rf8 36. Kf2 Nb1 37. e4 1-0


[Site "https://www.chess.com"]

[Event "Titled Tuesday Blitz April 11 Late 2023"]
[White "Keymer, Vincent"]
[Black "Dobrikov, Marco"]
[WhiteFideId "12940690"]
[BlackFideId "12950378"]
[WhiteElo "2651"]
[BlackElo "2296"]
[Result "1/2-1/2"]
[Round "02"]
[TimeControl "180+2"]
[Date "2023.04.11"]
[WhiteClock "0:00:08"]
[BlackClock "0:00:16"]

1. a3 a6 2. Nf3 g6 3. d4 Nf6 4. c4 Bg7 5. Nc3 O-O 6. e4 d6 7. Be2 e5 8. O-O Nc6 9. d5 Ne7 10. b4 Ne8 11. c5 f5 12. Ng5 Nf6 13. exf5 gxf5 14. Bb2 h6 15. cxd6 cxd6 16. Ne6 Bxe6 17. dxe6 d5 18. Na4 Qd6 19. Rc1 Rac8 20. Nc5 b6 21. f4 exf4 22. Nd7 Nxd7 23. Bxg7 Kxg7 24. exd7 Qxd7 25. Qd4+ Kh7 26. Bxa6 Rxc1 27. Rxc1 Qd6 28. Rf1 Ng6 29. Bd3 Qe6 30. Kh1 h5 31. h3 Kh6 32. a4 Ra8 33. b5 Re8 34. Qf2 Ra8 35. Re1 Qf6 36. Qf3 Rxa4 37. Be2 Qg5 38. Qxd5 Re4 39. Qd2 Re3 40. Rf1 Nh4 41. Bf3 Ng6 42. Qd6 Qe7 43. Qxb6 Qe5 44. Qc6 Rb3 45. Qc4 Rb2 46. b6 Rxb6 47. Qc2 Re6 48. Qd1 Qe3 49. Bxh5 Nh4 50. Bf3 Rg6 51. Qd5 Nxf3 52. Qxf3 Qxf3 53. Rxf3 Kg5 54. Kh2 Rd6 55. Rf2 Rd3 56. Re2 Re3 57. Rf2 Rd3 58. Rf3 Rxf3 59. gxf3 Kh4 60. Kg2 Kh5 61. Kg1 Kg5 62. Kf1 Kh5 63. Kf2 Kh4 64. Kg2 Kg5 65. Kh2 Kh5 66. Kg2 Kh4 67. Kh2 Kg5 68. Kg2 Kh5 69. Kh2 Kh4 70. Kg2 1/2-1/2


[Site "https://www.chess.com"]

[Event "Titled Tuesday Blitz April 11 Late 2023"]
[White "Zhang, Derek"]
[Black "Samsonkin, Artiom"]
[WhiteFideId "2087871"]
[BlackFideId "13503111"]
[WhiteElo "2087"]
[BlackElo "2524"]
[Result "0-1"]
[Round "02"]
[TimeControl "180+2"]
[Date "2023.04.11"]
[WhiteClock "0:00:01"]
[BlackClock "0:00:10"]

1. Nf3 Nf6 2. c4 g6 3. Nc3 Bg7 4. e4 d6 5. d4 O-O 6. h3 Na6 7. Be3 e5 8. d5 Nc5 9. Nd2 a5 10. Be2 Kh8 11. g4 Ng8 12. h4 f5 13. gxf5 gxf5 14. Bxc5 dxc5 15. Qc2 f4 16. O-O-O Bh6 17. Nf3 Bg4 18. Rdg1 Nf6 19. Kb1 Qe7 20. Ng5 Bd7 21. Bf3 Rg8 22. Rg2 Rg7 23. Rhg1 Rag8 24. Qe2 Ne8 25. Bg4 Bxg5 26. Bxd7 Bxh4 27. Rxg7 Rxg7 28. Rxg7 Nxg7 29. Qg4 h5 30. Qh3 Bxf2 31. Nb5 Qg5 32. Nxc7 Qg1+ 33. Kc2 Bd4 34. Ne6 Qf2+ 35. Kd1 f3 36. Nxg7 Qe2+ 37. Kc1 Be3+ 38. Kb1 Qd1# 0-1


[Site "https://www.chess.com"]

[Event "Titled Tuesday Blitz April 11 Late 2023"]
[White "Rustemov, Alexander"]
[Black "Klenburg, Michael"]
[WhiteFideId "4119002"]
[BlackFideId "14102072"]
[WhiteElo "2525"]
[BlackElo "2396"]
[Result "1-0"]
[Round "02"]
[TimeControl "180+2"]
[Date "2023.04.11"]
[WhiteClock "0:00:19"]
[BlackClock "0:00:04"]

1. d4 d6 2. c4 e5 3. Nf3 Nd7 4. Nc3 Ngf6 5. g3 g6 6. Bg2 Bg7 7. O-O O-O 8. e4 exd4 9. Nxd4 Re8 10. h3 a6 11. Re1 Rb8 12. a4 c5 13. Nc2 Ne5 14. b3 Qc7 15. Ne3 b6 16. Ra2 Bb7 17. Rd2 Rbd8 18. Bb2 Qb8 19. Kh2 Bf8 20. f4 Ned7 21. Rde2 Bc6 22. Qc2 Qa8 23. Ncd5 Bxd5 24. cxd5 Bg7 25. Nc4 Qb8 26. e5 dxe5 27. fxe5 Nh5 28. d6 Nf8 29. Bd5 Ne6 30. Qe4 Bh6 31. Rf1 Nhg7 32. g4 Bg5 33. Ref2 Rf8 34. Kg3 Rde8 35. h4 Bd8 36. Nd2 b5 37. axb5 axb5 38. Bc6 c4 39. bxc4 bxc4 40. Nxc4 Nc5 41. Qd5 Nge6 42. Bxe8 Rxe8 43. Rxf7 Qb3+ 44. R7f3 Qc2 45. R1f2 Qb1 46. Rf1 Qc2 47. g5 Qa4 48. d7 Qxd7 49. Qxd7 Nxd7 50. Nd6 Re7 51. Rf7 Rxf7 52. Nxf7 Bc7 53. Nh6+ Kh8 54. Rf7 Nxe5 55. Rxc7 1-0


[Site "https://www.chess.com"]

[Event "Titled Tuesday Blitz April 11 Late 2023"]
[White "Hansen, Eric"]
[Black "Martic, Ivan"]
[WhiteFideId "2606771"]
[BlackFideId "929301"]
[WhiteElo "2561"]
[BlackElo "2360"]
[Result "1-0"]
[Round "02"]
[TimeControl "180+2"]
[Date "2023.04.11"]
[WhiteClock "0:00:29"]
[BlackClock "0:00:31"]

1. d4 d5 2. c4 c6 3. Nf3 Nf6 4. Nc3 dxc4 5. a4 Bf5 6. Ne5 Nbd7 7. Nxc4 Nb6 8. Ne5 a5 9. f3 Nfd7 10. e4 Nxe5 11. exf5 Ned7 12. g4 g6 13. Bd3 Bg7 14. Bc2 Nf6 15. h4 Nfd5 16. h5 Nb4 17. hxg6 hxg6 18. Rxh8+ Bxh8 19. fxg6 Qxd4 20. gxf7+ Kxf7 21. Bb3+ Ke8 22. Qxd4 Bxd4 23. Ke2 Kd7 24. Bf4 e5 25. Rd1 c5 26. Be3 Rh8 27. Rf1 Rh2+ 28. Rf2 Rxf2+ 29. Bxf2 Bxf2 30. Kxf2 c4 31. Bd1 Nd3+ 32. Ke3 Nxb2 33. Bc2 Ke6 34. g5 Nd3 35. Ne4 Nd5+ 36. Kd2 N5b4 37. Bb1 Nb2 38. Nc5+ Kd5 39. g6 Nc6 40. Be4+ Kxc5 41. Bxc6 bxc6 42. g7 Kd4 43. g8=Q c3+ 44. Kc2 Nc4 45. Qd8+ Ke3 46. Qd3+ Kf4 47. Qe4+ Kg3 48. Qxc4 Kxf3 49. Kd3 c5 50. Qe4+ Kf2 51. Kxc3 1-0


[Site "https://www.chess.com"]

[Event "Titled Tuesday Blitz April 11 Late 2023"]
[White "Kourkoulos-Arditis, Stamatis"]
[Black "Gharibyan, Mamikon"]
[WhiteFideId "4221990"]
[BlackFideId "13308300"]
[WhiteElo "2400"]
[BlackElo "2445"]
[Result "0-1"]
[Round "02"]
[TimeControl "180+2"]
[Date "2023.04.11"]
[WhiteClock "0:00:05"]
[BlackClock "0:00:44"]

1. e4 e5 2. Nc3 Nf6 3. g3 c6 4. Bg2 d5 5. d3 dxe4 6. Nxe4 Nxe4 7. Bxe4 Nd7 8. Bg2 Bc5 9. Nf3 O-O 10. O-O Re8 11. Re1 a5 12. Bd2 Nf6 13. h3 e4 14. dxe4 Nxe4 15. Be3 Be6 16. Nd4 Bd5 17. c3 Qf6 18. Qc2 h5 19. Rad1 Nd6 20. Bxd5 cxd5 21. h4 a4 22. Bg5 Qg6 23. Qxg6 fxg6 24. Ne6 Ra5 25. Nf4 Ne4 26. Rxd5 Bxf2+ 27. Kg2 Rxd5 28. Rxe4 Rxe4 29. Nxd5 Re2 30. b3 a3 31. Kf3 Rxa2 32. Nb4 Rb2 33. Bc1 Bc5 34. Nd3 Rxb3 0-1


[Site "https://www.chess.com"]

[Event "Titled Tuesday Blitz April 11 Late 2023"]
[White "Bakalchuk, Johnatan"]
[Black "Belov, Alexei"]
[WhiteFideId "2810301"]
[BlackFideId "4128206"]
[WhiteElo "2450"]
[BlackElo "2421"]
[Result "1-0"]
[Round "02"]
[TimeControl "180+2"]
[Date "2023.04.11"]
[WhiteClock "0:00:41"]
[BlackClock "0:00:40"]

1. e4 e6 2. b3 d5 3. Bb2 Nf6 4. e5 Nfd7 5. Qg4 c5 6. f4 Nc6 7. Nf3 Rb8 8. Nc3 a6 9. O-O-O b5 10. Ng5 h5 11. Qg3 b4 12. Nxe6 fxe6 13. Qg6+ Ke7 14. Nxd5+ exd5 15. Qxc6 Nb6 16. Qxc5+ Kf7 17. Qe3 Bf5 18. Bd3 Qd7 19. Rde1 d4 20. Bxf5 Qxf5 21. e6+ Ke8 22. Qxd4 Rc8 23. d3 Bc5 24. Qxg7 Rf8 25. Kb1 Nd5 26. Qd7# 1-0


[Site "https://www.chess.com"]

[Event "Titled Tuesday Blitz April 11 Late 2023"]
[White "Janaszak, Dawid"]
[Black "Holt, Conrad"]
[WhiteFideId "1119206"]
[BlackFideId "2034387"]
[WhiteElo "2220"]
[BlackElo "2592"]
[Result "0-1"]
[Round "02"]
[TimeControl "180+2"]
[Date "2023.04.11"]
[WhiteClock "0:00:10"]
[BlackClock "0:01:39"]

1. e4 e6 2. d4 d5 3. Bd3 dxe4 4. Bxe4 Nf6 5. Bf3 Nbd7 6. Ne2 e5 7. O-O Bd6 8. Nd2 O-O 9. Ng3 exd4 10. Nc4 Ne5 11. Nxd6 Qxd6 12. Be2 Re8 13. Kh1 Neg4 14. a4 h5 15. Bxg4 Nxg4 16. f4 h4 17. Ne2 h3 18. Nxd4 b6 19. Qf3 Qxd4 20. gxh3 Bf5 21. c3 Qd7 22. Qg3 Qc6+ 23. Kg1 Qc5+ 24. Kh1 Be4+ 0-1


[Site "https://www.chess.com"]

[Event "Titled Tuesday Blitz April 11 Late 2023"]
[White "Mendonca, Leon Luke"]
[Black "Ibadov, Dashgyn"]
[WhiteFideId "35028561"]
[BlackFideId "24107514"]
[WhiteElo "2464"]
[BlackElo "2208"]
[Result "1-0"]
[Round "02"]
[TimeControl "180+2"]
[Date "2023.04.11"]
[WhiteClock "0:00:21"]
[BlackClock "0:00:01"]

1. e4 e5 2. Nf3 Nc6 3. Bc4 Bc5 4. c3 Nf6 5. d3 d6 6. a4 a6 7. h3 Ba7 8. Nbd2 h6 9. Nf1 g5 10. Be3 Bxe3 11. Nxe3 Be6 12. Nd2 Qd7 13. Qf3 Qe7 14. Nf5 Bxf5 15. Qxf5 Nd8 16. Nf1 Ne6 17. Ne3 Ng7 18. Qf3 O-O-O 19. h4 Kb8 20. Ke2 Ne6 21. g3 g4 22. Nxg4 Nxg4 23. Qxg4 f5 24. Qxf5 Nc5 25. Qf7 Qxf7 26. Bxf7 Rhf8 27. Bc4 Rf6 28. b4 Nd7 29. Raf1 c6 30. a5 Kc7 31. f4 exf4 32. gxf4 Nf8 33. h5 d5 34. Bb3 dxe4 35. dxe4 Nd7 36. Rhg1 1-0


[Site "https://www.chess.com"]